AoeStats
← Marbas

Black Forest

507821616Analyzed
4v4 RM · 12d ago on Sep 19, 2026· 43m 36s· 8 players
Game mode
Random Map
Map size
Large (8 player)
Population
200
Speed
Normal
Resources
Standard
Victory
Conquest
Starting age
Dark Age
Ending age
Imperial Age
RankedLock teamsTeams togetherTeam positionsShared explorationLock speedFull tech treeHidden civsTurbo modeCheats
Victory
Defeat
🇺🇸 Spanish · United States
1918
+9
🇹🇷 Goths · Türkiye
1906
+9
🇦🇷 Ethiopians · Argentina
1905
+9
🇦🇺 Japanese · Australia
1874
+10
🇷🇺 Maya · Russia
1796
-11
🇧🇬 Jurchens · Bulgaria
1770
-10
🇮🇳 Mongols · India
1750
-9
🇷🇺 Sicilians · Russia
1670
-7
Bubbagump
0:59 Loom
12:22 Feudal Age
16:16 Castle Age
14:04 Double-Bit Axe
15:11 Horse Collar
21:06 Bow Saw
24:06 Wheelbarrow
24:56 Heavy Plow
27:10 Hand Cart
27:45 Gold Mining
27:45 Stone Mining
31:53 Imperial Age
29:51 Town Watch
31:18 Stone Shaft Mining
31:19 Scale Barding Armor
31:24 Forging
32:35 Bloodlines
32:25 Husbandry
32:46 Chain Barding Armor
31:56 Cavalier
33:04 Caravan
34:24 Plate Barding Armor
40:06 Two-Man Saw
40:34 Light Cavalry
41:36 Paladin
43:32 Iron Casting
43:41 Coinage
43:22 Guilds
0653599
10:14 Feudal Age
10:35 Horse Collar
10:41 Double-Bit Axe
17:19 Castle Age
19:10 Heavy Plow
19:21 Bow Saw
24:04 Wheelbarrow
24:25 Gold Mining
25:28 Hand Cart
24:59 Loom
25:18 Stone Mining
29:22 Imperial Age
27:36 Ballistics
27:55 Treadmill Crane
28:18 Fletching
29:09 Gold Shaft Mining
28:58 Thumb Ring
28:54 Bodkin Arrow
29:07 Padded Archer Armor
30:00 Bloodlines
29:51 Husbandry
30:13 Leather Archer Armor
30:35 Bracer
31:36 Chemistry
31:22 Conscription
31:22 Kataparuto
31:30 Parthian Tactics
32:11 Kataparuto
32:23 Ring Archer Armor
32:15 Heavy Cavalry Archer
34:58 Siege Engineers
35:39 Masonry
36:27 Caravan
42:02 Coinage
43:18 Banking
Kukuro
0:52 Loom
15:04 Feudal Age
16:41 Town Watch
20:58 Castle Age
19:00 Double-Bit Axe
19:16 Horse Collar
20:03 Stone Mining
21:51 Bow Saw
26:19 Wheelbarrow
26:41 Gold Mining
31:33 Imperial Age
29:37 Heavy Plow
30:03 Hand Cart
30:44 Anarchy
30:57 Scale Mail Armor
31:08 Forging
31:32 Forging
32:28 Squires
32:44 Chain Mail Armor
33:04 Iron Casting
32:53 Conscription
34:17 Stone Shaft Mining
35:02 Iron Casting
34:56 Elite Huskarl
36:25 Perfusion
37:35 Iron Casting
39:59 Fletching
41:46 Blast Furnace
41:54 Bodkin Arrow
MarginCall
11:16 Feudal Age
12:16 Double-Bit Axe
14:48 Castle Age
12:31 Horse Collar
17:43 Loom
18:33 Wheelbarrow
18:12 Bow Saw
21:33 Hand Cart
26:25 Heavy Plow
28:05 Gold Mining
28:06 Stone Mining
30:53 Imperial Age
28:52 Fletching
29:03 Padded Archer Armor
29:55 Bodkin Arrow
31:09 Crossbowman
31:54 Thumb Ring
32:52 Chemistry
32:15 Conscription
31:57 Torsion Engines
31:54 Arbalester
32:52 Bracer
33:07 Leather Archer Armor
33:00 Town Watch
34:45 Ballistics
35:28 Siege Engineers
36:58 Ring Archer Armor
36:50 Caravan
37:38 Onager
41:07 Forging
40:57 Scale Mail Armor
Zni.Locuss
4:28 Loom
11:11 Feudal Age
15:29 Castle Age
13:38 Double-Bit Axe
13:34 Horse Collar
18:27 Padded Archer Armor
25:37 Wheelbarrow
25:44 Bow Saw
31:11 Imperial Age
29:54 Gold Mining
30:41 Leather Archer Armor
31:13 Hand Cart
32:29 Ring Archer Armor
31:28 Elite Skirmisher
32:03 Fletching
33:34 Chemistry
33:48 Bodkin Arrow
34:15 Ballistics
37:45 Bracer
Marbas
10:28 Feudal Age
11:21 Double-Bit Axe
14:36 Castle Age
13:58 Horse Collar
19:05 Bow Saw
22:10 Wheelbarrow
21:49 Gold Mining
22:43 Stone Mining
25:04 Stone Shaft Mining
25:29 Hand Cart
26:14 Town Watch
28:04 Scale Mail Armor
28:46 Gold Shaft Mining
31:08 Imperial Age
29:23 Loom
29:54 Chain Mail Armor
29:50 Forging
29:28 Gambesons
29:44 Squires
29:30 Arson
31:07 Iron Casting
30:22 Fletching
31:31 Masonry
31:18 Bodkin Arrow
31:18 Onager
31:21 Elite Serjeant
32:29 First Crusade
32:34 Siege Engineers
33:01 Plate Mail Armor
32:35 Bracer
33:41 Conscription
33:35 Capped Ram
35:48 Blast Furnace
35:50 Chemistry
34:57 Siege Ram
38:29 Siege Onager
39:58 Pikeman
43:18 Caravan
Zni.Kark01
0:39 Loom
11:53 Feudal Age
13:08 Double-Bit Axe
16:07 Castle Age
15:07 Horse Collar
17:03 Bow Saw
19:33 Heavy Plow
23:36 Stone Mining
24:54 Stone Shaft Mining
25:24 Wheelbarrow
25:30 Gold Mining
26:46 Gold Shaft Mining
27:49 Fletching
28:00 Padded Archer Armor
29:33 Ballistics
31:49 Imperial Age
29:30 Bodkin Arrow
29:50 Leather Archer Armor
30:21 Leather Archer Armor
30:18 Bloodlines
31:34 Thumb Ring
33:28 Conscription
34:12 Chemistry
33:13 Bracer
33:21 Siege Engineers
33:06 Elite Mangudai
34:08 Masonry
35:10 Parthian Tactics
38:15 Hoardings
PLEBUSHEK
0:27 Loom
14:33 Feudal Age
18:49 Castle Age
17:21 Double-Bit Axe
17:17 Horse Collar
19:53 Bow Saw
23:24 Wheelbarrow
26:35 Gold Mining
27:15 Stone Mining
28:44 Hand Cart
33:38 Imperial Age
31:20 Fletching
32:41 Stone Shaft Mining
32:17 Bodkin Arrow
32:22 Padded Archer Armor
32:44 Ballistics
32:05 Treadmill Crane
33:02 Heavy Plow
33:11 Padded Archer Armor
33:19 Town Watch
33:47 Masonry
33:43 Elite Plumed Archer
34:32 Caravan
35:14 Conscription
35:38 Bracer
35:54 Leather Archer Armor
36:40 Chemistry
37:28 Architecture
38:03 Two-Man Saw
37:34 Crop Rotation
37:19 Thumb Ring
37:46 Ring Archer Armor
38:36 Hoardings
41:16 Guilds
Connection lost

Rejoining the realm…

Still unreachable

The connection could not be restored.

Session expired

The server has moved on; the page needs a fresh start.